General information
- name: BNet
- type: Ladder team game (AT/RT)
- host: Battle.net
- saver: lllove
map: TwilightRuins
- players: 8
- length: 19:21
- speed: Fast
- version: 1.26 W3XP
- replay type: Public
» download(162 KB)
Players
team 1 (loser)

»
themailman (
blue | 44 APM | 774 actions | 17:42)
3 Blademaster
2 Critical Strike
1 Wind Walk
2 Shadow Hunter
1 Healing Wave
1 Hex
» actions
| Build / train | 58 | |
| Enter build submenu | 19 | |
| Enter hero's abilities submenu | 5 | |
| Remove unit from queue | 1 | |
| Right click | 326 | |
| Select / deselect | 308 | |
| Use ability | 57 | |
774 total
» units
| Peon | 21 | |
| Troll Headhunter/Berserker | 9 | |
| Shaman | 4 | |
| Troll Witch Doctor | 2 | |
| Tauren | 4 | |
40 total
» upgrades
| Troll Regeneration | 1 | |
| Shaman Training | 2 | |
| Berserker Upgrade | 1 | |
| Witch Doctor Training | 2 | |
| Pulverize | 1 | |
7 total
» buildings
| Altar of Storms | 1 | |
| Orc Burrow | 6 | |
| War Mill | 1 | |
| Barracks | 2 | |
| Voodoo Lounge | 1 | |
| Stronghold | 1 | |
| Great Hall | 1 | |
| Watch Tower | 2 | |
| Fortress | 1 | |
| Spirit Lodge | 3 | |
| Tauren Totem | 2 | |
21 total
» build order
00:20 Altar of Storms
00:27 Orc Burrow
00:50 War Mill
01:02 Barracks
01:44 Voodoo Lounge
02:15 Orc Burrow
04:16 Stronghold
04:56 Great Hall
05:19 Orc Burrow
05:33 Barracks
06:03 Watch Tower
06:05 Watch Tower
06:37 Fortress
06:49 Spirit Lodge
06:52 Spirit Lodge
08:42 Spirit Lodge
09:55 Tauren Totem
10:03 Tauren Totem
11:26 Orc Burrow
11:31 Orc Burrow
13:27 Orc Burrow
» items
| Tiny Great Hall | 1 | |
| Orb of Lightning | 1 | |
2 total
scorpionKjng (
pink | 56 APM | 990 actions | 17:38)
3 Archmage
1 Summon Water Elemental
2 Brilliance Aura
1 Mountain King
1 Storm Bolt
» actions
| Assign group hotkey | 9 | |
| Basic commands | 2 | |
| Build / train | 93 | |
| Enter build submenu | 33 | |
| Enter hero's abilities submenu | 4 | |
| Remove unit from queue | 4 | |
| Right click | 366 | |
| Select / deselect | 200 | |
| Select group hotkey | 216 | |
| Use ability | 63 | |
990 total
» units
| Peasant | 46 | |
| Priest | 7 | |
| Gryphon Rider | 7 | |
60 total
» upgrades
| Lumber Harvesting | 2 | |
| Swords | 3 | |
| Armor | 3 | |
| Priest Training | 2 | |
| Storm Hammers | 1 | |
11 total
» buildings
| Altar of Kings | 1 | |
| Farm | 11 | |
| Arcane Vault | 1 | |
| Scout Tower | 8 | |
| Lumber Mill | 3 | |
| Arcane Tower | 2 | |
| Town Hall | 1 | |
| Keep | 1 | |
| Guard Tower | 6 | |
| Blacksmith | 1 | |
| Arcane Sanctum | 1 | |
| Castle | 1 | |
| Gryphon Aviary | 3 | |
40 total
» build order
00:07 Altar of Kings
00:21 Farm
00:36 Arcane Vault
00:57 Farm
01:06 Scout Tower
01:29 Lumber Mill
01:53 Arcane Tower
03:42 Town Hall
03:48 Scout Tower
03:51 Scout Tower
03:56 Keep
04:10 Farm
04:19 Scout Tower
04:22 Guard Tower
04:25 Scout Tower
04:48 Farm
04:55 Scout Tower
05:02 Arcane Tower
05:05 Guard Tower
05:15 Lumber Mill
05:19 Guard Tower
05:29 Blacksmith
05:31 Guard Tower
06:36 Arcane Sanctum
06:54 Farm
07:16 Castle
07:20 Gryphon Aviary
07:24 Gryphon Aviary
07:42 Farm
08:38 Scout Tower
09:22 Gryphon Aviary
09:30 Guard Tower
09:50 Lumber Mill
11:20 Scout Tower
12:03 Farm
12:27 Farm
12:59 Guard Tower
13:09 Farm
15:09 Farm
16:10 Farm
» items
| Scroll of Regeneration | 1 | |
| Scroll of Town Portal | 1 | |
2 total
mark3679 (
purple | 28 APM | 538 actions | 19:19)
3 Archmage
1 Brilliance Aura
2 Summon Water Elemental
3 Blood Mage
1 Flame Strike
2 Siphon Mana
» actions
| Build / train | 58 | |
| Enter build submenu | 18 | |
| Enter hero's abilities submenu | 6 | |
| Give item / drop item | 2 | |
| Right click | 183 | |
| Select / deselect | 235 | |
| Use ability | 36 | |
538 total
» units
| Peasant | 15 | |
| Mortar Team | 10 | |
| Flying Machine | 6 | |
31 total
» upgrades
| Masonry | 3 | |
| Lumber Harvesting | 2 | |
| Gunpowder | 3 | |
| Armor | 3 | |
| Fragmentation Shards | 1 | |
12 total
» buildings
| Altar of Kings | 1 | |
| Farm | 12 | |
| Blacksmith | 1 | |
| Lumber Mill | 1 | |
| Arcane Vault | 1 | |
| Keep | 1 | |
| Workshop | 2 | |
| Castle | 1 | |
20 total
» build order
00:13 Altar of Kings
00:17 Farm
00:21 Blacksmith
00:55 Farm
01:18 Lumber Mill
02:08 Farm
02:11 Farm
02:14 Farm
02:37 Arcane Vault
03:06 Keep
03:41 Farm
03:51 Farm
03:56 Farm
04:11 Farm
04:35 Farm
04:40 Farm
04:56 Farm
05:34 Workshop
05:42 Workshop
08:46 Castle
» items
| Lesser Clarity Potion | 1 | |
| Scroll of Regeneration | 4 | |
5 total
651684313219687 (
orange | 126 APM | 2349 actions | 18:37)
3 Archmage
2 Summon Water Elemental
1 Brilliance Aura
2 Mountain King
1 Storm Bolt
1 Bash
» actions
| Assign group hotkey | 15 | |
| Basic commands | 68 | |
| Build / train | 108 | |
| ESC pressed | 1 | |
| Enter build submenu | 49 | |
| Enter hero's abilities submenu | 6 | |
| Give item / drop item | 5 | |
| Right click | 1031 | |
| Select / deselect | 782 | |
| Select group hotkey | 184 | |
| Use ability | 100 | |
2349 total
» units
| Peasant | 29 | |
| Footman | 8 | |
| Goblin Shredder | 1 | |
| Goblin Zeppelin | 1 | |
| Siege Engine | 3 | |
42 total
» upgrades
| Masonry | 3 | |
| Magic Sentry | 1 | |
| Plating | 3 | |
| Gunpowder | 3 | |
| Barrage | 1 | |
| Animal War Training | 1 | |
12 total
» buildings
| Altar of Kings | 1 | |
| Farm | 11 | |
| Barracks | 1 | |
| Arcane Vault | 3 | |
| Lumber Mill | 1 | |
| Town Hall | 1 | |
| Scout Tower | 26 | |
| Arcane Tower | 5 | |
| Guard Tower | 13 | |
| Keep | 2 | |
| Blacksmith | 2 | |
| Workshop | 4 | |
| Arcane Sanctum | 2 | |
| Castle | 2 | |
74 total
» build order
00:10 Altar of Kings
00:14 Farm
00:23 Barracks
00:43 Farm
01:31 Farm
02:40 Farm
03:03 Arcane Vault
03:28 Lumber Mill
03:43 Farm
04:19 Town Hall
04:22 Scout Tower
04:25 Scout Tower
04:27 Scout Tower
04:30 Scout Tower
04:34 Scout Tower
04:57 Arcane Tower
05:03 Guard Tower
05:18 Guard Tower
05:25 Guard Tower
05:42 Farm
05:45 Guard Tower
06:03 Keep
06:03 Keep
06:08 Farm
06:17 Scout Tower
06:19 Scout Tower
06:30 Blacksmith
06:48 Guard Tower
06:52 Guard Tower
06:57 Farm
07:40 Farm
07:48 Scout Tower
07:49 Scout Tower
07:50 Scout Tower
07:50 Scout Tower
07:51 Scout Tower
08:40 Workshop
08:41 Workshop
08:44 Arcane Sanctum
08:46 Arcane Sanctum
09:03 Arcane Tower
09:19 Scout Tower
09:20 Scout Tower
10:50 Arcane Tower
10:51 Guard Tower
11:20 Guard Tower
11:22 Castle
11:31 Farm
11:47 Blacksmith
12:29 Arcane Vault
12:30 Arcane Vault
12:34 Scout Tower
12:35 Scout Tower
12:36 Scout Tower
12:37 Scout Tower
12:37 Scout Tower
12:41 Workshop
12:44 Workshop
13:04 Arcane Tower
13:23 Farm
13:30 Guard Tower
14:58 Guard Tower
15:41 Scout Tower
15:43 Scout Tower
16:10 Guard Tower
17:11 Arcane Tower
17:12 Guard Tower
17:19 Scout Tower
17:21 Scout Tower
17:24 Scout Tower
17:25 Scout Tower
17:26 Scout Tower
17:57 Guard Tower
» items
| Scroll of Regeneration | 3 | |
| Periapt of Vitality | 1 | |
| Boots of Speed | 1 | |
| Sentry Wards | 2 | |
| Scroll of Town Portal | 1 | |
| Lesser Clarity Potion | 1 | |
| Orb of Fire | 1 | |
| Ivory Tower | 3 | |
13 total
team 2 (winner)

»
m0xxa (
green | 123 APM | 2376 actions | 19:20)
6 Tauren Chieftain
2 Endurance Aura
3 Shockwave
1 Reincarnation
5 Shadow Hunter
3 Healing Wave
2 Hex
» actions
| Assign group hotkey | 160 | |
| Basic commands | 52 | |
| Build / train | 98 | |
| ESC pressed | 6 | |
| Enter build submenu | 19 | |
| Enter hero's abilities submenu | 11 | |
| Give item / drop item | 1 | |
| Right click | 790 | |
| Select / deselect | 287 | |
| Select group hotkey | 867 | |
| Use ability | 85 | |
2376 total
» units
| Peon | 17 | |
| Grunt | 4 | |
| Troll Witch Doctor | 12 | |
| Troll Batrider | 16 | |
| Tauren | 3 | |
52 total
» upgrades
| Armor | 3 | |
| Witch Doctor Training | 2 | |
| Ensnare | 1 | |
| Reinforced Defenses | 1 | |
| Pulverize | 1 | |
| Spiked Barricades | 1 | |
| Ranged Weapons | 1 | |
| Liquid Fire | 1 | |
11 total
» buildings
| Altar of Storms | 1 | |
| Orc Burrow | 7 | |
| Barracks | 1 | |
| Voodoo Lounge | 1 | |
| Stronghold | 1 | |
| Great Hall | 1 | |
| War Mill | 1 | |
| Fortress | 2 | |
| Spirit Lodge | 1 | |
| Beastiary | 1 | |
| Tauren Totem | 2 | |
19 total
» build order
00:10 Altar of Storms
00:19 Orc Burrow
00:37 Barracks
01:34 Orc Burrow
02:02 Voodoo Lounge
04:15 Stronghold
04:38 Great Hall
04:49 Orc Burrow
05:42 War Mill
06:38 Fortress
06:38 Fortress
06:41 Spirit Lodge
06:44 Beastiary
07:53 Orc Burrow
09:02 Tauren Totem
09:07 Tauren Totem
10:43 Orc Burrow
10:45 Orc Burrow
11:20 Orc Burrow
» items
| Healing Salve | 5 | |
| Orb of Lightning | 1 | |
6 total

»
ll_Forgotten_ll (
red | 52 APM | 1004 actions | 19:20)
6 Death Knight
3 Death Coil
2 Unholy Aura
1 Animate Dead
5 Lich
3 Frost Nova
2 Frost Armor
» actions
| Assign group hotkey | 18 | |
| Basic commands | 6 | |
| Build / train | 58 | |
| Enter build submenu | 16 | |
| Enter hero's abilities submenu | 11 | |
| Right click | 502 | |
| Select / deselect | 286 | |
| Select group hotkey | 35 | |
| Use ability | 72 | |
1004 total
» units
| Acolyte | 7 | |
| Ghoul | 4 | |
| Crypt Fiend | 6 | |
| Obsidian Statue | 2 | |
| Frost Wyrm | 3 | |
22 total
» upgrades
| Creature Attack | 2 | |
| Web | 1 | |
| Creature Carapace | 2 | |
| Freezing Breath | 1 | |
6 total
» buildings
| Ziggurat | 9 | |
| Crypt | 1 | |
| Graveyard | 1 | |
| Altar of Darkness | 1 | |
| Tomb of Relics | 1 | |
| Halls of the Dead | 2 | |
| Necropolis | 1 | |
| Nerubian Tower | 3 | |
| Spirit Tower | 2 | |
| Slaughterhouse | 1 | |
| Black Citadel | 2 | |
| Sacrificial Pit | 1 | |
| Boneyard | 2 | |
27 total
» build order
00:08 Ziggurat
00:11 Crypt
00:40 Graveyard
00:58 Altar of Darkness
01:39 Ziggurat
02:18 Tomb of Relics
03:59 Ziggurat
04:30 Halls of the Dead
05:19 Necropolis
05:25 Nerubian Tower
07:46 Ziggurat
07:47 Ziggurat
08:43 Spirit Tower
08:47 Slaughterhouse
09:04 Ziggurat
09:05 Nerubian Tower
09:06 Spirit Tower
09:50 Black Citadel
10:24 Nerubian Tower
10:51 Sacrificial Pit
12:12 Boneyard
12:13 Boneyard
15:11 Halls of the Dead
15:47 Ziggurat
15:48 Ziggurat
15:48 Ziggurat
18:24 Black Citadel
» items
| Rod of Necromancy | 1 | |
| Scroll of Town Portal | 2 | |
| Potion of Healing | 2 | |
| Potion of Mana | 1 | |
| Orb of Corruption | 1 | |
| Scroll of Healing | 1 | |
8 total
lllove (
teal | 61 APM | 1179 actions | 19:21)
6 Blood Mage
3 Flame Strike
2 Siphon Mana
1 Summon Phoenix
» actions
| Assign group hotkey | 48 | |
| Basic commands | 12 | |
| Build / train | 88 | |
| Enter build submenu | 41 | |
| Enter hero's abilities submenu | 6 | |
| Give item / drop item | 3 | |
| Remove unit from queue | 1 | |
| Right click | 420 | |
| Select / deselect | 310 | |
| Select group hotkey | 117 | |
| Use ability | 133 | |
1179 total
» units
| Peasant | 12 | |
| Footman | 5 | |
| Goblin Shredder | 1 | |
| Sorceress | 6 | |
| Goblin Sapper | 4 | |
28 total
» upgrades
| Sorceress Training | 2 | |
| Magic Sentry | 1 | |
| Masonry | 3 | |
6 total
» buildings
| Altar of Kings | 1 | |
| Barracks | 1 | |
| Farm | 4 | |
| Scout Tower | 38 | |
| Arcane Tower | 1 | |
| Keep | 1 | |
| Arcane Vault | 1 | |
| Lumber Mill | 1 | |
| Guard Tower | 13 | |
| Arcane Sanctum | 1 | |
| Castle | 1 | |
| Town Hall | 1 | |
64 total
» build order
00:23 Altar of Kings
00:35 Barracks
00:49 Farm
01:04 Farm
01:14 Farm
01:52 Farm
02:05 Scout Tower
03:02 Arcane Tower
03:30 Keep
03:52 Arcane Vault
03:55 Lumber Mill
04:13 Scout Tower
04:13 Scout Tower
04:14 Scout Tower
05:07 Guard Tower
06:17 Arcane Sanctum
07:35 Scout Tower
07:35 Scout Tower
07:36 Scout Tower
07:36 Scout Tower
07:36 Scout Tower
08:33 Castle
08:35 Guard Tower
08:37 Scout Tower
08:37 Scout Tower
08:38 Scout Tower
08:38 Scout Tower
08:39 Scout Tower
09:45 Town Hall
10:27 Guard Tower
10:28 Guard Tower
11:23 Guard Tower
11:26 Scout Tower
11:27 Scout Tower
11:27 Scout Tower
11:57 Guard Tower
11:59 Guard Tower
12:00 Guard Tower
12:01 Guard Tower
14:13 Scout Tower
14:14 Scout Tower
14:14 Scout Tower
14:14 Scout Tower
14:14 Scout Tower
14:15 Scout Tower
14:15 Scout Tower
14:16 Scout Tower
14:16 Scout Tower
14:17 Scout Tower
14:17 Scout Tower
15:08 Guard Tower
15:35 Guard Tower
15:59 Guard Tower
16:56 Scout Tower
16:57 Scout Tower
16:57 Scout Tower
16:57 Scout Tower
16:58 Scout Tower
16:58 Scout Tower
17:33 Guard Tower
17:40 Scout Tower
» items
| Scroll of Regeneration | 5 | |
| Mechanical Critter | 2 | |
| Lesser Clarity Potion | 6 | |
| Boots of Speed | 1 | |
| Staff of Teleportation | 1 | |
| Potion of Invisibility | 3 | |
| Potion of Healing | 4 | |
| Potion of Mana | 5 | |
| Scroll of Town Portal | 1 | |
28 total

»
NOTthatDRUNK (
yellow | 48 APM | 932 actions | 19:20)
6 Dreadlord
1 Carrion Swarm
3 Vampiric Aura
2 Sleep
4 Death Knight
2 Death Coil
2 Unholy Aura
1 Lich
1 Frost Nova
» actions
| Assign group hotkey | 11 | |
| Basic commands | 8 | |
| Build / train | 68 | |
| Enter build submenu | 25 | |
| Enter hero's abilities submenu | 10 | |
| Give item / drop item | 3 | |
| Right click | 380 | |
| Select / deselect | 229 | |
| Select group hotkey | 138 | |
| Use ability | 60 | |
932 total
» units
» upgrades
| Creature Attack | 3 | |
| Creature Carapace | 3 | |
| Stone Form | 1 | |
7 total
» buildings
| Ziggurat | 8 | |
| Altar of Darkness | 1 | |
| Crypt | 3 | |
| Tomb of Relics | 1 | |
| Graveyard | 1 | |
| Nerubian Tower | 2 | |
| Halls of the Dead | 1 | |
| Necropolis | 1 | |
| Spirit Tower | 3 | |
| Black Citadel | 1 | |
22 total
» build order
00:08 Ziggurat
01:00 Altar of Darkness
01:03 Ziggurat
01:08 Crypt
01:12 Tomb of Relics
01:34 Graveyard
01:40 Nerubian Tower
04:22 Halls of the Dead
05:31 Necropolis
05:43 Ziggurat
05:45 Ziggurat
05:51 Ziggurat
06:34 Crypt
06:49 Nerubian Tower
06:50 Spirit Tower
06:57 Ziggurat
07:53 Spirit Tower
07:55 Spirit Tower
08:04 Black Citadel
12:11 Crypt
12:52 Ziggurat
12:54 Ziggurat
» items
| Rod of Necromancy | 2 | |
| Sacrificial Skull | 1 | |
| Tome of Retraining | 1 | |
| Boots of Speed | 1 | |
| Periapt of Vitality | 1 | |
| Circlet of Nobility | 1 | |
| Scroll of Protection | 1 | |
| Scroll of Healing | 3 | |
| Orb of Corruption | 1 | |
| Scroll of Town Portal | 1 | |
13 total
Chat log
(08:20 / Allies) m0xxa: need anti magic
(08:25 / Allies) m0xxa: spell breakers
(08:28 / Allies) m0xxa: they will have bloodlust
(09:36 / Allies) lllove: gold?
(17:42 / All) m0xxa: gg
(17:45 / All) NOTthatDRUNK: gg
(18:33 / Allies) ll_Forgotten_ll: gg bois
(18:35 / All) 651684313219687: gg
(18:37 / All) 651684313219687: fucking idiot team
(18:47 / Allies) NOTthatDRUNK: ty
(18:52 / Allies) NOTthatDRUNK: twas close
(18:54 / All) lllove: this hero glitch is really annoying
(18:57 / Allies) ll_Forgotten_ll: blue just got out macord
(19:01 / All) lllove: where you have control of yoru hero and it won't respond